 Dungeon Crawl Stone Soup version 0.25-a0-1079-g858b6a6ff6 (webtiles) character file.

Game seed: 15249843118424509306, levelgen mode: deterministic

35018 kae the Impaler (level 13, -10/115 HPs)
             Began as a Merfolk Ice Elementalist on May 15, 2020.
             Was a High Priest of Makhleb.
             Killed from afar by a rime drake (20 damage)
             ... with a flash freeze
             ... on level 6 of the Lair of Beasts.
             The game lasted 00:28:48 (24715 turns).

kae the Impaler (Merfolk Ice Elementalist)         Turns: 24715, Time: 00:28:49

Health: -10/115    AC: 11    Str: 14    XL:     13   Next: 81%
Magic:  30/30      EV: 18    Int: 11    God:    Makhleb [*****.]
Gold:   1408       SH:  5    Dex: 14    Spells: 13/20 levels left

rFire    + . .     SeeInvis +   b - +3 halberd
rCold    x . .     Gourm    .   (shield currently unavailable)
rNeg     + . .     Faith    .   F - +2 steam dragon scales
rPois    .         Spirit   .   l - +0 helmet
rElec    .         Reflect  +   D - +0 cloak
rCorr    .         Harm     .   m - +1 pair of gloves
MR       .....                  (no boots)
Stlth    ++........             G - amulet "Quntaf" {Reflect +Inv MP+9 Int-3 SH+5 SInv}
HPRegen  0.29/turn              t - ring of positive energy
MPRegen  0.22/turn              z - ring of fire

@: lethally poisoned (-10 -> -10)
A: change form in water, swift swim, stealthy swim
a: Minor Destruction, Lesser Servant of Makhleb, Major Destruction, Greater
Servant of Makhleb, Renounce Religion, Evoke Invisibility


You were on level 6 of the Lair of Beasts.
You worshipped Makhleb.
Makhleb was extremely pleased with you.
You were not hungry.

You visited 3 branches of the dungeon, and saw 17 of its levels.

You collected 1468 gold pieces.
You spent 60 gold pieces at shops.

Inventory:

Hand Weapons
 a - a +0 trident
 b - a +3 halberd (weapon)
Armour
 l - a +0 helmet (worn)
 m - a +1 pair of gloves (worn)
 C - the +2 cloak of the Thief {+Fog Slay-2 SInv Stlth+}
   (You found it on level 9 of the Dungeon)

   It affects your accuracy and damage with ranged weapons and melee attacks
   (-2).
   It lets you see invisible.
   It makes you more stealthy.
 D - a +0 cloak (worn)
 F - +2 steam dragon scales (worn)
Jewellery
 t - a ring of positive energy (left hand)
 z - a ring of fire (right hand)
 G - the amulet "Quntaf" (around neck) {Reflect +Inv MP+9 Int-3 SH+5 SInv}
   (You found it on level 10 of the Dungeon)

   [amulet of reflection]

   It shields you and reflects attacks.
   It affects your intelligence (-3).
   It affects your magic capacity (+9).
   It lets you see invisible.
   It lets you turn invisible.
   It affects your SH (+5).
 H - an uncursed amulet of magic regeneration
 I - an uncursed ring of positive energy
Wands
 e - a wand of clouds (1)
 h - a wand of digging (9)
 y - a wand of iceblast (12)
 K - a wand of acid (14)
 M - a wand of paralysis (10)
Scrolls
 d - 4 scrolls of remove curse
 j - 2 scrolls of fog
 p - 2 scrolls of immolation
 x - 2 scrolls of enchant weapon
 A - a scroll of blinking
 B - 2 scrolls of teleportation
 E - a scroll of magic mapping
 J - a scroll of identify
Potions
 f - 2 potions of stabbing
 g - 12 potions of curing
 i - 2 potions of mutation
 k - 2 potions of might
 n - a potion of berserk rage
 o - 2 potions of resistance
 q - 2 potions of magic
 r - 2 potions of flight
 s - 3 potions of haste
 u - a potion of brilliance
 v - 5 potions of lignification
 w - 3 potions of invisibility
Comestibles
 c - 17 rations
 L - 3 chunks of flesh


   Skills:
 - Level 15.1 Fighting
 - Level 16.0 Polearms
 + Level 9.1 Dodging
 - Level 2.1 Stealth
 - Level 4.0 Spellcasting
 - Level 8.0 Ice Magic
 - Level 11.0 Invocations


You had 13 spell levels left.
You knew the following spells:

 Your Spells              Type           Power        Failure   Level  Hunger
a - Freeze                Ice            ###.         1%          1    #......
b - Frozen Ramparts       Ice            ###...       2%          3    ###....
c - Ozocubu's Armour      Chrm/Ice       ##......     14%         3    ###....

Your spell library contained the following spells:

 Spells                   Type           Power        Failure   Level  Hunger
 Beastly Appendage        Tmut           #.....       24%         1    #......
 Infusion                 Chrm           #...         24%         1    #......
 Shroud of Golubria       Chrm/Tloc      #.....       34%         2    ##.....
 Song of Slaying          Chrm           #.......     34%         2    ##.....
 Sticks to Snakes         Tmut           #.......     34%         2    ##.....
 Hailstorm                Conj/Ice       ##......     41%         4    #####..
 Ice Form                 Ice/Tmut       ##......     41%         4    #####..
 Summon Ice Beast         Ice/Summ       ##......     41%         4    #####..
 Spectral Weapon          Hex/Chrm       #.......     56%         3    ###....
 Spider Form              Tmut/Pois      #.........   56%         3    ###....
 Blade Hands              Tmut           #.........   100%        5    ######.


Dungeon Overview and Level Annotations

Branches:
Dungeon (10/15)            Temple (1/1) D:4            Lair (6/6) D:10
 Shoals (0/4) Lair:3        Snake (0/4) Lair:3        Slime (0/5) Lair:5
    Orc: D:9-12

Altars:
Ashenzari
Cheibriados
Dithmenos
Elyvilon
Fedhas
Gozag
Hepliaklqana
Kikubaaqudgha
Makhleb
Nemelex Xobeh
Okawaru
Qazlal
Ru
Sif Muna
Trog
Uskayaw
Vehumet
Wu Jian
Xom
Yredelemnul
Zin
The Shining One
Jiyva

Shops:
D:4 [   D:6 =   D:8 !((   D:10 [

Annotations:
D:4 Ijyb
D:5 exclusions: 2 centaurs and ice beast
Lair:1 1 runed translucent door, Esekla's ghost, novice OpWz
Lair:2 exclusion: 2 hydras


Message History

* * * LOW HITPOINT WARNING * * *
You feel as though you will be slow longer.
You slash the hornet!
You kill the hornet!
Makhleb accepts your kill.
You feel better.
You feel sick.
You start resting.
You feel very sick. x3
You feel sick.
You feel very sick.
You feel sick. x3
You feel yourself speed up.
You feel sick.
You start resting.
You feel sick. x8
The rime drake is too close now for your liking.
You feel sick.
The rime drake hisses angrily.
The rime drake breathes ice at you. The flash freeze hits you!!
You feel a painful chill!
You die...

... .#.#P ...k
..... ...#
.%.... ...#
..... #..# #...#
#...# #....##..#
###....@..#.#..
#.....%รท.......
#.#.............
P...............
###....)#..P....
###.##........
## #.......
.P..... .......


You could see a rime drake (catching breath).

Vanquished Creatures
  Nessos (Lair:5)
  Snorg (Lair:5)
  4 hydras
  5 death yaks
  2 black mambas
  6 elephants (Lair:5)
  A merfolk siren (Lair:3)
  9 spiny frogs
  9 rime drakes
  Maggie (D:9)
  3 komodo dragons
  2 trolls (D:10)
  A queen bee (Lair:1)
  A polar bear (Lair:3)
  A hornet (Lair:6)
  A merfolk (Lair:3)
  Prince Ribbit (D:7)
  5 dream sheep
  8 hippogriffs
  7 wyverns
  20 yaks
  3 basilisks (Lair:5)
  A hungry ghost (D:10)
  A hell hound (Lair:5)
  5 water moccasins
  9 porcupines
  An orc warrior (D:9)
  4 sky beasts
  2 black bears (D:9)
  9 ice beasts
  A hornet zombie (D:10)
  4 ogres
  A phantom (D:8)
  7 crocodiles
  5 centaurs
  2 big kobolds
  18 bullfrogs
  2 scorpions
  3 wights (D:8)
  20 killer bees (Lair:1)
  3 electric eels
  6 howler monkeys
  7 crimson imps
  A quasit (D:10)
  2 bullfrog zombies
  A centaur zombie (D:8)
  6 hounds
  2 orc priests (D:7)
  8 jellies
  Crazy Yiuf (D:2)
  A gnoll shaman (D:5)
  3 orc wizards (D:7)
  A bullfrog skeleton (D:10)
  Jessica (D:2)
  2 iguanas (D:10)
  12 worker ants
  A killer bee zombie (D:8)
  A worker ant zombie (D:5)
  4 adders
  7 gnolls (D:5)
  10 shadow imps
  5 oozes (D:10)
  An adder zombie (D:5)
  4 worms
  2 dart slugs
  10 leopard geckos
  17 orcs
  5 bats
  2 giant cockroaches
  6 hobgoblins
  14 jackals
  2 quokkas
  A ball python (D:2)
  2 frilled lizards (D:2)
  5 goblins
  A jackal skeleton (D:8)
  9 kobolds
  2 leopard gecko skeletons
  A quokka skeleton (D:8)
  A quokka zombie (D:8)
  4 rats
  2 fungi
363 creatures vanquished.

Vanquished Creatures (collateral kills)
  Rupert (Lair:5)
  A wyvern (Lair:5)
  3 killer bees (Lair:1)
5 creatures vanquished.

Vanquished Creatures (others)
  A killer bee (Lair:1)
  23 fungi
  11 plants
35 creatures vanquished.

Grand Total: 403 creatures vanquished

Notes
Turn   | Place    | Note
-------+----------+-------------------------------------------
     0 | D:1      | kae the Merfolk Ice Elementalist began the quest for the
                  | Orb.
     0 | D:1      | Reached XP level 1. HP: 13/13 MP: 3/3
   317 | D:1      | Reached XP level 2. HP: 15/19 MP: 5/5
   389 | D:1      | Reached skill level 1 in Polearms
   965 | D:1      | Reached XP level 3. HP: 24/24 MP: 4/6
   993 | D:1      | Reached skill level 5 in Ice Magic
  1220 | D:2      | Found a runed translucent door.
  1221 | D:2      | Noticed Crazy Yiuf
  1581 | D:2      | Found a sacrificial altar of Ru.
  1630 | D:2      | Reached skill level 2 in Polearms
  1675 | D:2      | Noticed Jessica
  2353 | D:3      | Reached XP level 4. HP: 30/30 MP: 3/7
  2584 | D:3      | Found an ornate altar of the Wu Jian Council.
  2836 | D:3      | Learned a level 3 spell: Frozen Ramparts
  2887 | D:4      | Found a staircase to the Ecumenical Temple.
  2976 | Temple   | Entered the Ecumenical Temple
  3067 | Temple   | Became a worshipper of Makhleb the Destroyer
  3167 | D:4      | Reached XP level 5. HP: 21/35 MP: 2/9
  3372 | D:4      | Reached skill level 3 in Polearms
  3372 | D:4      | Reached skill level 1 in Invocations
  3646 | D:4      | Noticed an ogre
  3657 | D:4      | Killed an ogre
  3657 | D:4      | Reached XP level 6. HP: 20/41 MP: 3/10
  3828 | D:4      | Found Nitaw's Armour Boutique.
  3832 | D:4      | Noticed Ijyb
  3993 | D:4      | Noticed a phantom
  4251 | D:4      | Reached skill level 4 in Polearms
  4832 | D:2      | Killed Jessica
  4962 | D:2      | Killed Crazy Yiuf
  4962 | D:2      | Reached XP level 7. HP: 7/46 MP: 7/12
  5328 | D:5      | Entered Level 5 of the Dungeon
  5605 | D:5      | Reached skill level 5 in Polearms
  7211 | D:6      | Reached skill level 6 in Polearms
  7240 | D:6      | Found Iclaorghaud's Jewellery Shop.
  7285 | D:6      | Reached XP level 8. HP: 8/52 MP: 9/14
  7872 | D:6      | Found a shimmering blue altar of Sif Muna.
  8003 | D:6      | Reached skill level 7 in Polearms
  8030 | D:6      | Reached skill level 5 in Invocations
  9051 | D:7      | Reached skill level 8 in Polearms
  9387 | D:7      | Reached * piety under Makhleb
  9503 | D:7      | Reached skill level 9 in Polearms
  9704 | D:7      | Reached XP level 9. HP: 57/57 MP: 8/15
  9869 | D:7      | Noticed Prince Ribbit
  9887 | D:7      | Killed Prince Ribbit
  9887 | D:7      | Reached skill level 10 in Polearms
 10373 | D:8      | Found Kutel's Weapon Shop.
 10589 | D:8      | Found Omuwast's Weapon Shoppe.
 10799 | D:9      | Reached skill level 11 in Polearms
 10901 | D:9      | Noticed Maggie
 11052 | D:9      | Found the +2 cloak of the Thief {+Fog Slay-2 SInv Stlth+}
 11071 | D:9      | Reached ** piety under Makhleb
 12038 | D:8      | Reached skill level 12 in Polearms
 12136 | D:8      | Reached XP level 10. HP: 55/63 MP: 14/16
 12255 | D:8      | Found Uryasick's Distillery.
 12259 | D:8      | Bought a potion of berserk rage for 60 gold pieces
 12339 | D:9      | Killed Maggie
 12841 | D:9      | Identified the +2 flail "Herom" {vorpal, Str+4 Dex+2}
 12850 | D:9      | Learned a level 3 spell: Ozocubu's Armour
 13012 | D:10     | Entered Level 10 of the Dungeon
 13025 | D:10     | Reached skill level 10 in Invocations
 13359 | D:10     | Reached skill level 13 in Polearms
 13509 | D:9      | Reached *** piety under Makhleb
 13729 | D:10     | Found a staircase to the Lair.
 14013 | D:10     | Got a flickering iron amulet
 14292 | D:10     | Found Gynaruin's Armour Shoppe.
 14384 | D:10     | Reached skill level 14 in Polearms
 14422 | D:10     | Found a viscous altar of Jiyva.
 14575 | Lair:1   | Entered Level 1 of the Lair of Beasts
 14816 | Lair:1   | Noticed a spiny frog
 14828 | Lair:1   | Killed a spiny frog
 14846 | Lair:1   | HP: 3/63 [poisoned by a spiny frog]
 14851 | Lair:1   | HP: 2/63 [poisoned by a spiny frog]
 14858 | Lair:1   | HP: 2/63 [poisoned by a spiny frog]
 14866 | Lair:1   | HP: 1/63 [poisoned by a spiny frog]
 15205 | Lair:1   | Found a runed translucent door.
 15419 | Lair:1   | Reached XP level 11. HP: 68/68 MP: 19/19
 15422 | Lair:1   | Reached skill level 15 in Polearms
 15454 | Lair:1   | Reached **** piety under Makhleb
 15884 | Lair:1   | Reached skill level 16 in Polearms
 16252 | Lair:1   | Reached skill level 1 in Fighting
 16370 | Lair:1   | Noticed Esekla's ghost (novice OpWz)
 16446 | Lair:1   | Identified the amulet "Quntaf" {Reflect +Inv MP+9 Int-3
                  | SH+5 SInv} (You found it on level 10 of the Dungeon)
 16701 | Lair:2   | Noticed a four-headed hydra
 16760 | Lair:2   | Reached skill level 5 in Fighting
 17061 | Lair:2   | Noticed a five-headed hydra
 17635 | Lair:3   | Found a staircase to the Snake Pit.
 18215 | Lair:3   | Noticed a four-headed hydra
 18227 | Lair:3   | Reached XP level 12. HP: 94/94 MP: 20/20
 18267 | Lair:3   | Killed a four-headed hydra
 18656 | Lair:3   | Found a staircase to the Shoals.
 18746 | Lair:3   | Reached skill level 10 in Fighting
 19788 | Lair:4   | Reached ***** piety under Makhleb
 21172 | Lair:5   | Noticed a four-headed hydra
 21254 | Lair:5   | Noticed a death yak
 21256 | Lair:5   | Noticed a death yak
 21260 | Lair:5   | Noticed a death yak
 21268 | Lair:5   | Noticed a death yak
 21269 | Lair:5   | Noticed a death yak
 21281 | Lair:5   | Killed a death yak
 21297 | Lair:5   | Killed a death yak
 21307 | Lair:5   | Killed a death yak
 21325 | Lair:4   | Killed a death yak
 21500 | Lair:5   | Killed a death yak
 21615 | Lair:5   | Found a staircase to the Slime Pits.
 21696 | Lair:5   | Reached XP level 13. HP: 111/111 MP: 21/21
 22195 | Lair:5   | Noticed Rupert
 22216 | Lair:5   | Killed Rupert
 22273 | Lair:5   | Reached skill level 15 in Fighting
 22479 | Lair:5   | HP: 4/115 [eight-headed hydra (10)]
 22922 | Lair:5   | Reached skill level 5 in Dodging
 23648 | Lair:5   | Noticed Snorg
 23718 | Lair:5   | Noticed Nessos
 23728 | Lair:5   | Killed Nessos
 24219 | Lair:5   | Killed Snorg
 24561 | Lair:6   | Entered Level 6 of the Lair of Beasts
 24688 | Lair:6   | Paralysed by a hornet for 2 turns
 24715 | Lair:6   | Killed from afar by a rime drake

Illustrated notes

Levels and vault maps discovered:
D:1:      shiori_arrival_maze, layout_loops_ring
D:2:      layout_basic, nicolae_ru_sacrificial_ziggurat,
          uniq_crazy_yiuf_cottage, uniq_jessica
D:3:      layout_rooms, old_standard_altar, minmay_misc_feat_diagonals
D:4:      layout_loops_ring, temple_doors_e, serial_shops, shop,
          nicolae_underground_beach, uniq_ijyb
D:5:      layout_basic, first_ration, st_stairs_8, kennysheep_generic_room_12
D:6:      layout_basic, basic_altar, serial_shops, nicolae_shop_crystal,
          cheibrodos_sewer_entry_bend
D:7:      layout_loops_ring, uniq_prince_ribbit1
D:8:      layout_basic, serial_shops, nicolae_shop_trees, nicolae_shop_trees,
          nicolae_shop_window_shopping
D:9:      layout_cave_pools, uniq_maggie
D:10:     layout_rooms, due_lair_maze_entry_diamond, serial_shops,
          kennysheep_mini_moat, hangedman_little_slice_of_home
Temple:   compressed_dpeg_circular_temple
Lair:1:   layout_cave_pods, portal_ice_cave_entry_ice_beasts,
          ebering_ghost_reflecting_pool, special_room [special_room_bee]
Lair:2:   layout_regular_city
Lair:3:   layout_cave_pods, elwin_shoals_entry_rooms, dummy_snake_entry,
          beast_lair_carwin_9
Lair:4:   layout_regular_city, grunt_forest_small_clearings,
          minmay_lair_drake_nest
Lair:5:   layout_small_grid, nicolae_slime_entry_slimehenge, special_room
          [special_room_mythical_zoo], st_stairs_12,
          nicolae_quartered_pool_medium, grunt_megastairs_5, uniq_rupert,
          uniq_snorg, uniq_nessos
Lair:6:   gammafunk_lair_ancient_temple, layout_layer_cave

Skill      XL: |  1  2  3  4  5  6  7  8  9 10 11 12 13 |
---------------+----------------------------------------+-----
Polearms       | 1 2 3 4 6 9 12 14 16 | 16.0
Ice Magic      | 5 6 7 8 |  8.0
Invocations    | 1 2 4 6 9 11 | 11.0
Spellcasting   | 3 4 |  4.0
Fighting       | 8 13 15 | 15.1
Dodging        | 9 |  9.1
Stealth        | |  2.1

Action                   |  1- 3 |  4- 6 |  7- 9 | 10-12 | 13-15 || total
-------------------------+-------+-------+-------+-------+-------++-------
Melee: Spear             |    53 |     6 |       |       |       ||    59
       Trident           |       |    34 |   213 |       |    16 ||   263
       Tailslap          |       |       |     1 |       |     1 ||     2
       Halberd           |       |       |    19 |   531 |   212 ||   762
 Cast: Freeze            |    42 |    54 |   132 |   103 |    12 ||   343
       Frozen Ramparts   |       |       |    19 |    28 |     6 ||    53
       Ozocubu's Armour  |       |       |       |     6 |     3 ||     9
Invok: Minor Destruction |       |       |     5 |    13 |    14 ||    32
       Major Destruction |       |       |       |     4 |     5 ||     9
       Lesser Servant of |       |       |       |       |     2 ||     2
Evoke: Wand              |       |       |       |     3 |    11 ||    14
  Use: Potion            |       |     2 |     1 |     1 |       ||     4
       Scroll            |       |    14 |     6 |     8 |     1 ||    29
 Stab: Sleeping          |    12 |     5 |     4 |    10 |       ||    31
       Distracted        |       |     1 |     1 |       |       ||     2
       Confused          |       |       |       |     3 |     4 ||     7
  Eat: Chunk             |     5 |     8 |    18 |    27 |     5 ||    63
       Ration            |       |       |     2 |     2 |     2 ||     6
Armor: Robe              |    12 |    15 |    60 |     1 |       ||    88
       Steam dragon scal |       |       |       |   152 |    72 ||   224
Dodge: Dodged            |    31 |    46 |   171 |   260 |   128 ||   636
Block: Other             |       |       |       |    59 |    46 ||   105

Table legend:
 A = Non-vault XP
 B = Vault XP
 C = Vault XP percentage of total XP
 D = Non-vault monster count
 E = Vault monster count
 F = Vault count percentage of total count
                 A         B        C        D         E       F
            +---------+---------+-------+---------+---------+-------
      Total |   31245 |   18782 |  37.5 |     269 |      98 |  26.7
            +---------+---------+-------+---------+---------+-------
        D:1 |      39 |       4 |   9.3 |      20 |       2 |   9.1
        D:2 |      33 |      78 |  70.3 |      16 |       2 |  11.1
        D:3 |      14 |       0 |   0.0 |       8 |       0 |   0.0
        D:4 |     454 |       0 |   0.0 |      16 |       0 |   0.0
        D:5 |     480 |       0 |   0.0 |      21 |       0 |   0.0
        D:6 |     593 |       5 |   0.8 |      16 |       1 |   5.9
        D:7 |     820 |     268 |  24.6 |      19 |       1 |   5.0
        D:8 |    1173 |       0 |   0.0 |      28 |       0 |   0.0
        D:9 |    1311 |     843 |  39.1 |      21 |       5 |  19.2
       D:10 |    1519 |     694 |  31.4 |      20 |      12 |  37.5
     Lair:1 |    1791 |    2685 |  60.0 |       8 |      33 |  80.5
     Lair:2 |    4685 |       0 |   0.0 |      22 |       0 |   0.0
     Lair:3 |    4532 |    1669 |  26.9 |      20 |       7 |  25.9
     Lair:4 |    1743 |    1604 |  47.9 |       5 |       5 |  50.0
     Lair:5 |   10779 |   10644 |  49.7 |      25 |      29 |  53.7
     Lair:6 |    1279 |     288 |  18.4 |       4 |       1 |  20.0
            +---------+---------+-------+---------+---------+-------
